 Dungeon Crawl Stone Soup version 0.30-a0-394-g3e4acdb0ae (webtiles) character file.

Game seed: 12299685403770653735

20524 zishaf the Protected (level 13, -12/98 HPs)
             Began as a Djinni Venom Mage on Dec 6, 2022.
             Was an Elder of Makhleb.
             Shot with a bolt by a tengu warrior (24 damage)
             ... on level 14 of the Dungeon.
             The game lasted 00:18:24 (11913 turns).

zishaf the Protected (Djinni Venom Mage)           Turns: 11913, Time: 00:18:25

Health: -12/98     AC:  5    Str:  7    XL:     13   Next: 12%
Gold:   1005       EV: 16    Int: 20    God:    Makhleb [****..] SH:  0 Dex: 16

rFire   + + .      SeeInvis .    I - +4 dagger (elec)
rCold   . . .      Faith    .    (no shield)
rNeg    . . .      Spirit   .    z - +0 steam dragon scales
rPois   ∞          Reflect  .    (no helmet)
rElec   .          Harm     .    (no cloak)
rCorr   .          Rampage  .    A - +0 pair of gloves {infuse}
Will    +....                    (boots unavailable)
Stlth   ++........               (no amulet)
HPRegen 0.36/turn                b - +4 ring of evasion
MPRegen 0.00/turn                n - ring of protection from cold

@: corroded, flying, studying Armour
A: sickness immunity, fire resistance 2, cold vulnerability 1, float, innate
caster, HP casting, extra vitality 1
a: Renounce Religion, Minor Destruction, Lesser Servant of Makhleb, Major
Destruction


You were on level 14 of the Dungeon.
You worshipped Makhleb.
Makhleb was greatly pleased with you.
You visited 2 branches of the dungeon, and saw 13 of its levels.
You also visited: Bailey.

You collected 1252 gold pieces.
You spent 247 gold pieces at shops.

Inventory:

Hand Weapons
 i - a +7 club of freezing
 y - a +1 broad axe
 I - a +4 dagger of electrocution (weapon)
Missiles
 F - 2 throwing nets
Armour
 z - +0 steam dragon scales (worn)
 A - a +0 pair of gloves of infusion (worn)
 B - a +2 robe of the Archmagi
Magical Staves
 r - a staff of conjuration
Jewellery
 b - a +4 ring of evasion (left hand)
 n - a ring of protection from cold (right hand)
 D - a ring of see invisible
Wands
 f - a wand of polymorph (9)
 k - a wand of digging (4)
 p - a wand of flame (19)
 H - a wand of paralysis (1)
Scrolls
 a - a scroll of enchant weapon
 h - 3 scrolls of immolation
 m - a scroll of summoning
 o - 2 scrolls of magic mapping
 q - a scroll of poison
 s - 4 scrolls of teleportation
 t - a scroll of fear
 C - a scroll of enchant armour
Potions
 c - 2 potions of flight {unknown}
 d - 7 potions of curing
 e - a potion of might
 g - 3 potions of heal wounds
 j - 2 potions of invisibility
 l - 3 potions of brilliance
 u - 2 potions of ambrosia
 v - a potion of cancellation
 w - 2 potions of attraction
 x - a potion of berserk rage
 E - a potion of resistance
 G - a potion of mutation


   Skills:
 + Level 10.9 Fighting
 + Level 13.9 Armour
 - Level 2.1 Dodging
 - Level 1.5 Stealth
 + Level 8.9 Spellcasting
 + Level 10.0 Invocations


You couldn't memorise any spells.
You knew the following spells:

 Your Spells              Type           Power      Damage    Failure   Level
a - Sting                 Tmut/Pois      100%       1d8       1%          1
b - Poisonous Vapours     Pois/Air       88%        N/A       1%          2
c - Slow                  Hex            100%       N/A       1%          1
d - Ensorcelled Hibernat  Hex/Ice        88%        N/A       1%          2
e - Teleport Other        Tloc           44%        N/A       1%          3
f - Silence               Hex/Air        22%        N/A       5%          5
z - Mephitic Cloud        Conj/Pois/Air  44%        N/A       1%          3
A - Olgreb's Toxic Radia  Pois           44%        N/A       1%          4
B - Ignite Poison         Fire/Tmut/Pois 44%        N/A       1%          3
C - Metabolic Englaciati  Hex/Ice        22%        N/A       5%          5
Your spell library was empty.

Dungeon Overview and Level Annotations

Branches:
Dungeon (11/15)            Temple (1/1) D:4            Lair (0/5) D:9
    Orc (0/2) D:9          Bailey (visited)

Altars:
Ashenzari
Cheibriados
Dithmenos
Elyvilon
Fedhas
Gozag
Hepliaklqana
Makhleb
Nemelex Xobeh
Okawaru
Qazlal
Ru
Trog
Uskayaw
Wu Jian
Xom
Yredelemnul
Zin
The Shining One

Shops:
D:8 [

Annotations:
D:3 1 runed translucent door, AigisTheKnight's ghost, amateur GrEE


Innate Abilities, Weirdness & Mutations

You are immune to sickness and miasma.
You are immune to poison.
Your flesh is very heat resistant. (rF++)
You are vulnerable to cold. (rC-)
You float through the air rather than walking.
You learn spells naturally, not from books.
Your magical power is your life essence.
You have superior vitality. (+4 MHP)


Message History

The tengu warrior looks even sicker.
Your toxic aura wanes.
The fire elemental hits you. The fire elemental burns you! You resist.
* * * LOW HITPOINT WARNING * * *
Makhleb accepts your kill.
You feel a bit more experienced.
The centaur warrior shoots an arrow.
The arrow hits you.
* * * LOW HITPOINT WARNING * * *
You hear a horrible gurgling sound!
A red ugly thing comes into view.
Found a scroll of poison.
The red ugly thing gurgles horribly!
You hear a horrible gurgling sound! x2
The centaur warrior shoots an arrow.
The arrow hits you!!
* * * LOW HITPOINT WARNING * * *
You hear a horrible gurgling sound!
Casting: Olgreb's Toxic Radiance (mildly dangerous; 1% risk of failure)
Confirm with . or Enter, or press ? or * to list all spells.
You ignite the poison in your surroundings!
The red ugly thing seems to burn from within!
The red ugly thing is moderately wounded.
The tengu conjurer seems to burn from within!!
You kill the tengu conjurer!
Makhleb accepts your kill.
You feel better.
The tengu warrior seems to burn from within!!!
The tengu warrior is almost dead.
The centaur warrior seems to burn from within!!
The centaur warrior is heavily wounded.
The deep elf pyromancer seems to burn from within!!
You kill the deep elf pyromancer!
Makhleb accepts your kill.
You feel better.
The fire elemental disappears in a puff of smoke!
* * * LOW HITPOINT WARNING * * *
You hear an angry buzzing noise. x3
The centaur warrior shoots an arrow.
The arrow barely misses you.
The red ugly thing kicks you but does no damage.
The tengu warrior is engulfed in blazing flames.
The tengu warrior shoots a bolt.
The bolt hits you!!
You die...

*,,,,,,,,,**,,,**,,*~~~~~* *,,
*,,,,,,,,,**,****,,*~~~~~* *,*
*,,,,,,..,**,,,,,,,***+*** *,*
*,,,,,,..##.,**,,,,,,,,* *,,
*,^>,,,......,*,,,,,,,** ***
**+,,,,.......#*,,,,**** *,,
,,*,,,?.......#****,* ***
,,*,,,,.......#####.####*
,,*****#.#.>....@u.....?*********
,,* *###..#.#..§#u......**8,,~~~~
~~***~≈~.~#.#..Q#[<.....**,,~~~~~
****,≈.≈.~~..)..........**,~~~,,,
,*,*,...≈...cD).#...^...**~~~,,,*
,,,*,≈...≈(.~~###.......**~~,,,**
**,,~..~≈~..♣)####...###**~~,,**,
***~.~...~~.o○○○o...#****~~,**,,
*~.~.~.♣~♣~.........,,*~~**,,*


You could see 2 ugly things, a tengu warrior, a centaur warrior, an acid dragon
and an orc.

Vanquished Creatures
  A hydra (D:9)
  Harold (D:10)
  2 two-headed ogres
  A wizard (D:9)
  An orc knight (Bailey)
  Pikel (D:7)
  5 deep elf pyromancers
  Maggie (D:9)
  A kobold demonologist (D:11)
  A tengu conjurer (D:14)
  3 trolls
  Grinder (D:5)
  A blink frog (shapeshifter) (D:9)
  A shadow (D:11)
  6 yaks
  4 steam dragons
  Menkaure (D:5)
  2 acid dragons
  A water moccasin (D:7)
  14 orc warriors
  2 sky beasts
  2 black bears
  4 centaurs
  4 lemures (D:7)
  Blork the orc (D:4)
  5 kobold brigands
  4 bullfrogs
  2 scorpions (D:7)
  18 wights
  10 killer bees (D:9)
  5 electric eels (D:7)
  4 howler monkeys
  A gnoll bouda (D:9)
  7 orc priests
  2 hounds
  Jessica (D:2)
  3 iguanas (D:5)
  8 orc wizards
  3 gnolls (D:9)
  4 adders
  2 white imps
  An ufetubus (D:5)
  5 dart slugs
  68 orcs
  8 ball pythons
  10 endoplasms
  2 giant cockroaches (D:1)
  15 goblins
  11 hobgoblins
  22 kobolds
  6 quokkas
  9 bats
  6 frilled lizards
  6 rats
310 creatures vanquished.

Vanquished Creatures (collateral kills)
  A jelly (D:6)
  An adder (D:6)
2 creatures vanquished.

Vanquished Creatures (others)
  3 plants (D:7)
3 creatures vanquished.

Grand Total: 315 creatures vanquished

Notes
Turn   | Place    | Note
-------+----------+-------------------------------------------
     0 | D:1      | zishaf the Djinni Venom Mage began the quest for the Orb.
     0 | D:1      | zishaf set off with the following spells memorised: Sting,
                  | Poisonous Vapours, Mephitic Cloud, Olgreb's Toxic Radiance.
     0 | D:1      | Reached XP level 1. HP: 15/15 MP: 0/0
    71 | D:1      | Reached XP level 2. HP: 18/22 MP: 0/0
    73 | D:1      | Reached skill level 1 in Fighting
   441 | D:1      | Reached XP level 3. HP: 24/27 MP: 0/0
   441 | D:1      | Learned a level 1 spell: Slow
  1166 | D:2      | Reached XP level 4. HP: 32/33 MP: 0/0
  1467 | D:2      | Identified the +0 ring mail of Tugir {+Inv rF- rCorr}
  1558 | D:2      | Noticed Jessica
  1563 | D:2      | Killed Jessica
  2033 | D:3      | Found an opulent altar of Gozag.
  2033 | D:3      | Found a runed translucent door.
  2048 | D:3      | Reached XP level 5. HP: 37/40 MP: 0/0
  2048 | D:3      | Learned a level 2 spell: Ensorcelled Hibernation
  2054 | D:3      | Found a glowing silver altar of Zin.
  2251 | D:3      | Noticed AigisTheKnight's ghost (amateur GrEE)
  2330 | D:3      | Found a bloodstained altar of Trog.
  2786 | D:3      | Found a blossoming altar of Fedhas.
  2817 | D:3      | Found a sacrificial altar of Ru.
  3013 | D:4      | Found a staircase to the Ecumenical Temple.
  3036 | Temple   | Entered the Ecumenical Temple
  3136 | D:4      | Found a basalt altar of Yredelemnul.
  3147 | D:4      | Reached XP level 6. HP: 40/46 MP: 0/0
  3265 | D:4      | Noticed Blork the orc
  3276 | D:4      | Killed Blork the orc
  3547 | D:4      | Found a burning altar of Makhleb.
  3552 | D:4      | Became a worshipper of Makhleb the Destroyer
  3569 | D:5      | Entered Level 5 of the Dungeon
  3679 | D:5      | Noticed Grinder
  3697 | D:5      | Killed Grinder
  3698 | D:5      | Reached skill level 1 in Invocations
  3698 | D:5      | Reached XP level 7. HP: 10/53 MP: 0/0
  3698 | D:5      | Learned a level 3 spell: Ignite Poison
  4031 | D:5      | Found a glowing golden altar of the Shining One.
  4306 | D:5      | Noticed Menkaure
  4308 | D:5      | Killed Menkaure
  4309 | D:5      | Reached skill level 5 in Fighting
  4314 | D:5      | Reached XP level 8. HP: 48/59 MP: 0/0
  5290 | D:6      | Reached skill level 5 in Spellcasting
  5300 | D:6      | Found a shadowy altar of Dithmenos.
  5871 | D:7      | Noticed Pikel
  5875 | D:7      | Killed Pikel
  5876 | D:7      | Reached XP level 9. HP: 42/67 MP: 0/0
  5876 | D:7      | Learned a level 3 spell: Teleport Other
  6098 | D:7      | Reached skill level 5 in Invocations
  6238 | D:7      | Reached * piety under Makhleb
  7033 | D:8      | Reached XP level 10. HP: 48/76 MP: 0/0
  7142 | D:8      | Noticed a two-headed ogre
  7155 | D:8      | Killed a two-headed ogre
  7474 | D:8      | Found Uzigrarch's Antique Armour Shop.
  7491 | D:8      | Bought a pair of runed gloves for 247 gold pieces
  7711 | D:9      | Reached ** piety under Makhleb
  7736 | D:9      | Found a staircase to the Lair.
  7821 | D:9      | Found a staircase to the Orcish Mines.
  7833 | D:9      | Reached *** piety under Makhleb
  8191 | D:9      | Noticed Maggie
  8195 | D:9      | Killed Maggie
  8276 | D:9      | Reached XP level 11. HP: 84/84 MP: 0/0
  8276 | D:9      | Learned a level 5 spell: Silence
  8424 | D:9      | Found a hazy altar of Hepliaklqana.
  8425 | D:9      | Found an iron altar of Okawaru.
  8585 | D:10     | Entered Level 10 of the Dungeon
  8608 | D:10     | Found a flagged portal.
  8616 | Bailey   | Entered a bailey
  9077 | Bailey   | Reached **** piety under Makhleb
  9133 | Bailey   | Noticed an orc knight
  9142 | Bailey   | Killed an orc knight
  9143 | Bailey   | Reached skill level 10 in Fighting
  9158 | Bailey   | Reached skill level 12 in Armour
  9158 | Bailey   | Reached XP level 12. HP: 45/91 MP: 0/0
  9394 | D:10     | Noticed Harold
  9401 | D:10     | Killed Harold
  9445 | D:9      | Noticed a five-headed hydra
  9449 | D:9      | Reached skill level 13 in Armour
  9472 | D:9      | Killed a five-headed hydra
 10014 | D:10     | Noticed a +0 hand axe
 10014 | D:10     | Noticed a +0 hand axe
 10021 | D:10     | Found a hide-covered altar of Uskayaw.
 10110 | D:10     | Noticed a two-headed ogre
 10142 | D:10     | Killed a two-headed ogre
 11370 | D:11     | Reached XP level 13. HP: 96/97 MP: 0/0
 11370 | D:11     | Learned a level 5 spell: Metabolic Englaciation
 11646 | D:11     | Reached skill level 10 in Invocations
 11886 | D:11     | You are sucked into a shaft and drop 3 floors!
 11903 | D:14     | Noticed a centaur warrior
 11912 | D:14     | HP: 4/98 [centaur warrior/arrow (23)]
 11913 | D:14     | Shot with a bolt by a tengu warrior

Illustrated notes

Levels and vault maps discovered:
D:1:      reono_arrival_mine, layout_basic
D:2:      layout_basic, serial_bayou, serial_bayou_lake_a, serial_bayou_ford_a,
          serial_bayou_crossing, serial_bayou_pond_e, uniq_jessica
D:3:      layout_loops_cross, old_standard_altar, old_standard_altar,
          nicolae_overflow_quartered_altars, ebering_ghost_inner_flame,
          hangedman_decor_clover_reticule, minmay_distorted
D:4:      layout_gridville, lemuel_doored_altar, lightli_temple_of_fire,
          minmay_temple_entry_arrows, minmay_bisected, uniq_blork_the_orc
D:5:      layout_basic, amcnicky_altar_gilded, uniq_grinder, uniq_menkaure
D:6:      layout_basic, lemuel_tele_altar, lemuel_crystal_altar
D:7:      layout_rooms, chequers_big_river, grunt_tough_drop, uniq_pikel
D:8:      cheibrodos_steamvent, layout_rooms, serial_shops, shop,
          serial_bayou_pond_e, minmay_crossroads
D:9:      minmay_klotski, layout_cave_pools, grunt_temple_overflow_open,
          lair_entry_dummy, hiddenorc2_lemuel, uniq_maggie
D:10:     layout_layer_cave, dancing_weapons_uskayaw, nicolae_vehumet_radiance,
          enter_bailey_3, uniq_harold
D:11:     layout_gridville, minmay_misc_feat_doors
D:14:     lemuel_vampire_tower, layout_basic, grunt_vaults_entry_fortified,
          hangedman_abyss_or_decor_lesser_grid, serial_rivers,
          chequers_serial_rivers_marsh, chequers_serial_rivers_marsh,
          chequers_serial_rivers_room_b, chequers_serial_rivers_room_b,
          chequers_serial_rivers_room_a, chequers_serial_rivers_micro_d
Temple:   nicolae_temple_ecumenical_triangle

Skill      XL: |  1  2  3  4  5  6  7  8  9 10 11 12 13 |
---------------+----------------------------------------+-----
Fighting       | 1 2 3 4 5 6 7 9 10 | 10.9
Spellcasting   | 3 4 5 6 7 8 |  8.9
Invocations    | 1 2 4 6 8 9 10 | 10.0
Armour         | 12 13 | 13.9
Dodging        | |  2.1
Stealth        | |  1.5

Action                   |  1- 3 |  4- 6 |  7- 9 | 10-12 | 13-15 || total
-------------------------+-------+-------+-------+-------+-------++-------
Melee: Unarmed           |     1 |       |       |       |       ||     1
       Club              |       |    65 |    66 |    47 |    11 ||   189
       Punch             |       |     1 |     1 |       |       ||     2
       Dagger            |       |       |       |       |     2 ||     2
 Cast: Sting             |    69 |    70 |       |       |       ||   139
       Poisonous Vapours |       |    14 |    21 |    27 |     1 ||    63
       Olgreb's Toxic Ra |       |     1 |    12 |    32 |     7 ||    52
       Slow              |       |     1 |       |     2 |       ||     3
       Ignite Poison     |       |       |    22 |    48 |     5 ||    75
       Mephitic Cloud    |       |       |     7 |    27 |     1 ||    35
       Teleport Other    |       |       |       |     1 |       ||     1
  Use: Scroll            |       |    11 |     8 |     7 |     2 ||    28
       Potion            |       |       |       |     1 |       ||     1
 Stab: Sleeping          |       |     2 |       |     1 |       ||     3
       Confused          |       |       |     1 |       |       ||     1
Armor: Robe              |     1 |     3 |     6 |     8 |       ||    18
       Steam dragon scal |       |       |       |     2 |     4 ||     6
Dodge: Dodged            |    23 |    70 |    75 |    73 |    22 ||   263

Table legend: (Time is in decaauts)
 A = Elapsed time spent in this place.
 B = Non-inter-level travel time spent in this place.
 C = Inter-level travel time spent in this place.
 D = Time resting spent in this place.
 E = Time spent auto-exploring this place.
 F = Levels seen in this place.
 G = Mean time per level.
                   A        B        C        D        E       F      G
               +--------+--------+--------+--------+--------+-----+--------+
         Total |  11970 |  11662 |    308 |    877 |   9200 |  14 |  855.0 |
       Dungeon |  11173 |  10875 |    298 |    728 |   8678 |  12 |  931.1 |
        Temple |     43 |     33 |     10 |      0 |     30 |   1 |   43.0 |
        Bailey |    753 |    753 |      0 |    149 |    492 |   1 |  753.0 |
               +--------+--------+--------+--------+--------+-----+--------+

Top non-repeatable levels by time:
     D:9: 1479 daAuts
    D:10: 1433 daAuts
     D:5: 1314 daAuts
     D:1: 1145 daAuts
     D:6: 1112 daAuts
     D:7: 1028 daAuts
     D:2: 891 daAuts
     D:3: 836 daAuts
  Bailey: 753 daAuts
     D:8: 705 daAuts
     D:4: 670 daAuts
    D:11: 529 daAuts
  Temple: 43 daAuts
    D:14: 26 daAuts
